 Dungeon Crawl Stone Soup version 0.26-a0-660-gc07710193c (webtiles) character file.

Game seed: 16963730067457138889

1575 rogsnak the Magician (level 9, -13/52 HPs)
             Began as a Kobold Hedge Wizard on Oct 5, 2020.
             Mangled by a mummy (18 damage)
             ... in an ossuary on Oct 6, 2020.
             The game lasted 00:23:21 (10672 turns).

rogsnak the Magician (Kobold Hedge Wizard)         Turns: 10672, Time: 00:23:22

Health: -13/52     AC:  4    Str:  8    XL:     9   Next: 14%
Magic:  16/18      EV: 18    Int: 18    God:
Gold:   475        SH:  0    Dex: 14    Spells: 15/21 levels left

rFire    . . .     SeeInvis .   s - +2 spear (chaos)
rCold    . . .     Faith    +   (shield restricted)
rNeg     . . .     Spirit   .   b - +0 robe
rPois    .         Reflect  .   k - +0 helmet (curse)
rElec    .         Harm     .   (no cloak)
rCorr    .         Rampage  .   (no gloves)
MR       +....                  K - +0 pair of boots
Stlth    ++++......             o - amulet of faith
HPRegen  0.17/turn              g - ring of protection from magic
MPRegen  0.16/turn              (no ring)

@: no status effects
A: small, nightstalker 3
a: no special abilities


You were in an ossuary.
You visited 1 branch of the dungeon, and saw 7 of its levels.
You also visited: Ossuary.

You collected 475 gold pieces.

Inventory:

Hand Weapons
 a - a +0 dagger
 j - a +0 short sword
 s - a +2 spear of chaos (weapon)
 w - a +0 dagger of draining
 C - a +0 rapier
 I - a +0 hand crossbow
Missiles
 e - 15 bolts
 f - 23 sling bullets
 i - 45 poisoned darts (quivered)
 m - 128 stones
 t - 93 arrows
 E - 8 boomerangs
Armour
 b - a +0 robe (worn)
 c - a +0 hat
 k - a cursed +0 helmet (worn)
 J - a +0 ring mail of cold resistance
 K - a +0 pair of boots (worn)
Magical Staves
 l - an uncursed staff of conjuration
Jewellery
 g - a ring of protection from magic (left hand)
 o - an amulet of faith (around neck)
 G - an uncursed ring of fire
 Q - an uncursed ring of magical power {unknown}
Wands
 h - a wand of paralysis (11)
 u - a wand of digging (2)
 v - a wand of polymorph (5)
 N - a wand of random effects (18)
Scrolls
 d - 2 scrolls of teleportation {unknown}
 n - 8 scrolls of identify {unknown}
 q - a scroll of fog {unknown}
 r - a scroll of blinking {unknown}
 x - 4 scrolls of enchant weapon {unknown}
 y - 4 scrolls of fear {unknown}
 D - 2 scrolls of magic mapping {unknown}
 F - 2 scrolls of enchant armour {unknown}
 M - 2 scrolls of remove curse {unknown}
 O - 2 scrolls of random uselessness {unknown}
 P - a scroll of amnesia {unknown}
Potions
 p - 3 potions of heal wounds
 z - 2 potions of berserk rage {unknown}
 A - 3 potions of curing {unknown}
 B - 2 potions of might {unknown}
 H - a potion of flight {unknown}
 L - a potion of brilliance {unknown}


   Skills:
 + Level 4.4 Fighting
 + Level 5.8 Dodging
 - Level 4.0 Stealth
 + Level 6.5 Spellcasting
 * Level 5.8 Conjurations
   Level 1.0 Summonings
 + Level 2.2 Translocations
 - Level 1.0 Air Magic
 - Level 1.0 Poison Magic
 + Level 0.6 Evocations


You had 15 spell levels left.
You knew the following spells:

 Your Spells              Type           Power        Failure   Level
a - Magic Dart            Conj           ####         1%          1
b - Blink                 Tloc           N/A          7%          2
c - Mephitic Cloud        Conj/Pois/Air  ###.....     12%         3

Your spell library contained the following spells:

 Spells                   Type           Power        Failure   Level
 Conjure Flame            Conj/Fire      ###.....     11%         3
 Call Imp                 Summ           #.......     12%         2
 Slow                     Hex            #.......     17%         2


Dungeon Overview and Level Annotations

Branches:
Dungeon (7/15)             Temple (0/1) D:7         Ossuary (1/1)

Altars:
Kikubaaqudgha
Xom

Shops:
D:5 *=[!*

Annotations:
D:5 droidtality's ghost, novice GrFi


Innate Abilities, Weirdness & Mutations

You are small and have problems with some larger weapons.
You are completely attuned to the shadows.


Message History

s - a +2 spear of chaos (weapon)
Okay, then.
You hit the mummy. You burn the mummy.
The mummy is moderately damaged.
The mummy hits you!
You hit the mummy.
The mummy convulses.
The mummy is heavily damaged.
You hit the mummy.
The mummy flickers and vanishes!
Deactivating autopickup; reactivate with Ctrl-A.
Something hits you!
No target in view!
No target in view!
You hit something but do no damage.
Nothing appears to happen.
Something hits you!!
* * * LOW HITPOINT WARNING * * *
You hit something.
Casting: Mephitic Cloud (dangerous; 12% risk of failure)
Confirm with . or Enter, or press ? or * to list all spells.
You blink.
Something hits you!!
You die...

. .... .. ......
...# !#
.#####.........#+##
..................#
..................#
...........##...@.#
...........##..{..#
...............§..#
...............#..#
..............##..#
...∩.......... #.∩#
...∩..........##..#
...............#..#
..................#


There were no monsters in sight!

Vanquished Creatures
  A sky beast (D:6)
  4 ogres
  A centaur (D:5)
  4 scorpions
  An electric eel (D:7)
  A howler monkey (D:6)
  A hound (D:3)
  A quasit (D:6)
  2 orc wizards (D:6)
  An orc priest (D:6)
  2 centaur skeletons (D:4)
  A water moccasin simulacrum (D:5)
  Ijyb (D:3)
  3 worker ants
  3 iguanas
  A bullfrog simulacrum (D:5)
  2 big kobold zombies (Ossuary)
  A centaur simulacrum (D:5)
  A hound skeleton (D:6)
  3 mummies (Ossuary)
  A worker ant zombie (D:6)
  3 gnolls (D:5)
  9 adders
  A shadow imp (D:7)
  2 white imps
  An ufetubus (D:5)
  2 oozes
  3 adder zombies
  4 worms
  4 dart slugs
  3 adder simulacra (D:5)
  3 leopard geckos
  11 orcs
  5 bats
  4 giant cockroaches
  12 hobgoblins
  6 jackals
  12 kobolds
  2 quokkas (D:2)
  A ball python (D:1)
  8 frilled lizards
  A gnoll zombie (Ossuary)
  13 goblins
  2 goblin zombies
  2 hobgoblin zombies (Ossuary)
  2 jackal zombies (Ossuary)
  A leopard gecko simulacrum (D:5)
  An orc zombie (Ossuary)
  A quokka zombie (D:7)
  6 rats
  A rat zombie (Ossuary)
162 creatures vanquished.

Vanquished Creatures (others)
  An electric eel (D:7)
  3 plants (D:5)
4 creatures vanquished.

Grand Total: 166 creatures vanquished

Notes
Turn   | Place    | Note
-------+----------+-------------------------------------------
     0 | D:1      | rogsnak the Kobold Hedge Wizard began the quest for the
                  | Orb.
     0 | D:1      | Reached XP level 1. HP: 10/10 MP: 4/4
   227 | D:1      | Reached XP level 2. HP: 15/15 MP: 2/6
   564 | D:1      | Reached skill level 4 in Spellcasting
   587 | D:1      | Learned a level 2 spell: Blink
   746 | D:1      | Reached XP level 3. HP: 19/19 MP: 1/8
  2228 | D:2      | Learned a level 3 spell: Mephitic Cloud
  2331 | D:2      | Reached XP level 4. HP: 23/24 MP: 5/10
  3651 | D:2      | Reached XP level 5. HP: 25/28 MP: 1/11
  3678 | D:2      | Found a shimmering altar of Xom.
  3926 | D:3      | Reached skill level 1 in Fighting
  4339 | D:3      | Noticed Ijyb
  4357 | D:3      | Killed Ijyb
  4671 | D:3      | Reached XP level 6. HP: 22/34 MP: 13/13
  5360 | D:4      | Reached skill level 5 in Spellcasting
  5369 | D:4      | HP: 1/34 [poisoned by a scorpion]
  6032 | D:4      | Reached XP level 7. HP: 15/39 MP: 14/14
  6520 | D:5      | Entered Level 5 of the Dungeon
  6520 | D:5      | Found Ruuqau's Antique Armour Emporium.
  6541 | D:5      | Reached skill level 1 in Poison Magic
  6581 | D:5      | Found Suseavua's Distillery.
  6636 | D:5      | Found Poafiubb's Assorted Antiques.
  6662 | D:5      | Found an ancient bone altar of Kikubaaqudgha.
  6768 | D:5      | Found a runed translucent gate.
  6768 | D:5      | Found a runed translucent gate.
  6769 | D:5      | Found a runed translucent gate.
  6926 | D:5      | HP: 1/40 [centaur simulacrum (10)]
  7382 | D:5      | Noticed droidtality's ghost (novice GrFi)
  7789 | D:5      | Reached skill level 1 in Air Magic
  8142 | D:5      | Found Micoze's Jewellery Boutique.
  8217 | D:5      | Reached XP level 8. HP: 33/46 MP: 16/16
  8369 | D:5      | Found Tuekak's Assorted Antiques.
  9375 | D:6      | Reached skill level 5 in Conjurations
  9444 | D:6      | Reached skill level 5 in Dodging
  9515 | D:6      | Reached skill level 6 in Spellcasting
 10228 | D:7      | Found a staircase to the Ecumenical Temple.
 10232 | D:7      | Reached XP level 9. HP: 52/52 MP: 18/18
 10352 | D:7      | Found a sand-covered staircase.
 10383 | Ossuary  | Entered an ossuary
 10672 | Ossuary  | Mangled by a mummy

Illustrated notes

Levels and vault maps discovered:
D:1:      nicolae_arrival_washed_ashore, layout_basic
D:2:      layout_loops_ring, minivault_27, minmay_misc_feat_square, tgw_xom
D:3:      layout_basic, minmay_misc_feat_doors, uniq_ijyb
D:4:      layout_loops_cross, hangedman_feature_mirror
D:5:      layout_layer_cave, kiku_gazebo_garden_becter, serial_glass,
          glass_columns_c, glass_columns_a, serial_shops, kennysheep_mini_moat,
          nicolae_shop_overgrown_old_shop, shop, shop, shop, gammafunk_ghost_icy
D:6:      layout_rooms
D:7:      layout_loops_corners, temple_green, enter_ossuary_4,
          gammafunk_ghost_stat_death, kennysheep_cluttered_room
Ossuary:  ossuary_minmay_tomb_2a

Skill      XL: |  1  2  3  4  5  6  7  8 |
---------------+-------------------------+-----
Spellcasting   | 4 5 6 |  6.5
Stealth        | 3 4 |  4.0
Conjurations   | 2 3 4 5 |  5.8
Fighting       | 1 3 4 |  4.4
Dodging        | 3 4 5 |  5.8
Poison Magic   | 1 |  1.0
Air Magic      | 1 |  1.0
Translocations | 2 |  2.2
Summonings     | |  1.0
Evocations     | |  0.6

Action                   |  1- 3 |  4- 6 |  7- 9 || total
-------------------------+-------+-------+-------++-------
Melee: Dagger            |    38 |    78 |   237 ||   353
       Short sword       |       |    56 |       ||    56
       Staff             |       |     6 |       ||     6
       Spear             |       |    44 |    56 ||   100
 Cast: Magic Dart        |    86 |    75 |    79 ||   240
       Mephitic Cloud    |       |     7 |    19 ||    26
       Blink             |       |       |     8 ||     8
Evoke: Wand              |       |       |     3 ||     3
  Use: Potion            |       |     1 |       ||     1
 Stab: Sleeping          |     4 |    13 |    20 ||    37
       Confused          |       |     6 |     7 ||    13
       Petrifying        |       |       |     1 ||     1
Armor: Robe              |     6 |    22 |    42 ||    70
Dodge: Dodged            |    32 |   114 |   247 ||   393

Table legend: (Time is in decaauts)
 A = Elapsed time spent in this place.
 B = Non-inter-level travel time spent in this place.
 C = Inter-level travel time spent in this place.
 D = Time resting spent in this place.
 E = Time spent auto-exploring this place.
 F = Levels seen in this place.
 G = Mean time per level.
                   A        B        C        D        E       F      G
               +--------+--------+--------+--------+--------+-----+--------+
         Total |  10685 |  10522 |    163 |   2232 |   5415 |   8 | 1335.6 |
       Dungeon |  10399 |  10236 |    163 |   2186 |   5415 |   7 | 1485.6 |
       Ossuary |    286 |    286 |      0 |     46 |      0 |   1 |  286.0 |
               +--------+--------+--------+--------+--------+-----+--------+

Top non-repeatable levels by time:
     D:5: 2113 daAuts
     D:2: 1974 daAuts
     D:1: 1949 daAuts
     D:6: 1402 daAuts
     D:4: 1389 daAuts
     D:3: 1260 daAuts
     D:7: 310 daAuts
 Ossuary: 286 daAuts
